Arrhythmia, chaotic female vampiric Convict --- ------------- ---- |. I0.*@*....*..| |..| |.- -----------.| ---..| |.| |.| |.<.- |.| |.| ---.|.| |*| | |.------ --- |...|.| |. |.|......| |..---.---.| |.| |.#.---- - |......--..-- |.| -.|.| -...........| |.| . |.--- |.....|.....-- |.| .. |...-- --....|.....-- |.| ... |....---- --.| ---....| |.| -.- |.......| - --...| |[| . |.......-- --..| |.| | .. |........| |.--- |[| |. |. | |........-- |...--|[| ----- -.---------.|0........-- ..--...|.| ... 0...........#..........| .... |.....-----------#------------#----------.--..--...| |.|.- -----.....................*......*........| --- ---- ---- -------------------------------------- Arrhythmia the Jail-bird Experience level: 8 Strength: 17 Dexterity: 12 Constitution: 20 Intelligence: 10 Wisdom: 8 Charisma: 8 Health: 73(73) Energy: 52(52) AC: 1 Gold: 231 Moves: 3725 Your Inventory: Coins $ - 231 gold pieces Armor b - a cursed +0 striped shirt n - an [uncursed] +0 elven mithril-coat (being worn) o - an [uncursed] +0 hard hat [dwarvish iron helm] (being worn) p - an [uncursed] +0 pair of hard shoes [iron] (being worn) Comestibles g - an [uncursed] tripe ration Scrolls i - an [uncursed] scroll labeled PRIRUTSENIE [of remove curse] j - a [blessed] scroll labeled ACHAT SHTAYIM SHALOSH [of flood] k - an [uncursed] scroll labeled LEP GEX VEN ZEA [of enchant armor] l - a [blessed] scroll labeled GARVEN DEH [of teleportation] q - an [uncursed] scroll labeled THARR [of scare monster] w - an [uncursed] scroll labeled LOREN IPSUM [of create monster] Potions r - an [uncursed] sky blue potion [of booze] Wands x - a [cursed] wand of striking [0:3] Tools d - an uncursed blindfold t - an [uncursed] stethoscope Gems e - an [uncursed] black gem [worthless glass] m - an [uncursed] yellowish brown gem [topaz] Iron balls c - an [uncursed] heavy iron ball (weapon in hand) Spells known in the end: Name Level Category Fail Memory Your skills at the end: Fighting Skills Weapon Skills sling [Basic / Skilled] Spellcasting Skills Final Attributes: You were piously aligned. Hunger level was 214. Your alignment was 28 / 28. Monster difficulty range was 1 - 7. Level difficulty was 7. You were immune to poison. You were immune to level-drain. You were immune to sickness. You could fly. You could survive without air. You regenerated. Your luck was zero. You survived. Vanquished creatures: 2 leprechauns a dog a mountain nymph 8 Uruk-hai an enormous rat a pony 5 gnome lords a wax golem a floating eye a kitten 4 dwarves 2 hill orcs 2 dwarf zombies a wererat an iguana an acid blob 2 coyotes 3 hobbits a large kobold a red mold 22 gnomes 3 garter snakes 3 gnome zombies 3 geckos 10 jackals 2 foxes 4 goblins 5 sewer rats 8 grid bugs 4 bats a lichen a kobold zombie 5 newts 111 creatures vanquished. Voluntary challenges: You left the true Path of Zen. You went without food. You pretended to be a vegan. You pretended to be a vegetarian. You were illiterate. You never hit with a wielded weapon. You put on armor 7 times. You never genocided any monsters. You never polymorphed an object. You never changed form. You used no wishes. You abstained from Elbereth's help. You never encountered a bones level. You never used any Sokoban shortcuts. Dungeon overview: The Dungeons of Doom: levels 1 to 4 Level 1 a fountain a long staircase Level 2 a weapon shop, a fountain Level 3 a general store Level 4 a bookstore, a fountain stairs to The Gnomish Mines The Gnomish Mines: levels 5 to 7 Level 5 stairs to The Dungeons of Doom Level 7 <- You were here History has recorded: On T:1 you entered the Dungeons of Doom to retrieve the Amulet of Yendor! On T:16 you advanced to experience level 2. On T:304 you reached level 2 of The Dungeons of Doom. On T:698 you advanced to experience level 3. On T:1133 you advanced to experience level 4. On T:1478 you reached level 3 of The Dungeons of Doom. On T:1880 you reached level 4 of The Dungeons of Doom. On T:1928 you advanced to experience level 5. On T:2489 you advanced to experience level 6. On T:2521 you reached level 1 of The Gnomish Mines. On T:2774 you advanced to experience level 7. On T:2874 you reached level 2 of The Gnomish Mines. On T:3533 you advanced to experience level 8. On T:3599 you reached level 3 of The Gnomish Mines. Latest messages: The wand hits the goblin! You kill the goblin! You see here 9 rocks. You hear a nearby zap. With great effort you move the boulder. You see here 8 rocks. You see here a rotten watchman corpse. You see here 6 rocks. You hear a monster behind the boulder. Perhaps that's why you cannot move it. You hear a monster behind the boulder. Perhaps that's why you cannot move it. You hear a monster behind the boulder. Perhaps that's why you cannot move it. You hear a monster behind the boulder. Perhaps that's why you cannot move it. You see here 6 rocks. You see here a rotten watchman corpse. You feel guilty. The blood in this corpse has coagulated! Final status: Goodbye Arrhythmia the Convict... You quit in The Gnomish Mines on dungeon level 7 with 3513 points, and 231 pieces of gold, after 3725 moves. You were level 8 with a maximum of 73 hit points when you quit.